 Dungeon Crawl Stone Soup version 0.28.0-45-g0d030f2227 (webtiles) character file.

Game seed: 69200441440410978

43 Bearnado the Slasher (level 3, -3/33 HPs)
             Began as a Minotaur Berserker on Apr 8, 2022.
             Was a Follower of Trog.
             Slain by a gnoll
             ... wielding a +0 club
              (4 damage)
             ... on level 2 of the Dungeon.
             The game lasted 00:02:21 (777 turns).

Bearnado the Slasher (Minotaur Berserker)            Turns: 777, Time: 00:02:21

Health: -3/33      AC: 10    Str: 23    XL:     3   Next: 37%
Magic:  2/2        EV:  8    Int:  4    God:    Trog [*.....]
Gold:   59         SH:  0    Dex:  9    Spells: 2/2 levels left

rFire   . . .      SeeInvis .   k - +0 quarterstaff
rCold   . . .      Faith    .   (shield currently unavailable)
rNeg    . . .      Spirit   .   g - +0 chain mail
rPois   .          Reflect  .   (helmet restricted)
rElec   .          Harm     .   c - +0 cloak
rCorr   .          Rampage  .   (no gloves)
Will    .....                   (no boots)
Stlth   ..........              (no amulet)
HPRegen 0.11/turn               (no ring)
MPRegen 0.08/turn               (no ring)

@: no status effects
A: horns 2, retaliatory headbutt
a: Renounce Religion, Berserk


You were on level 2 of the Dungeon.
You worshipped Trog.
Trog was aware of your devotion.
You visited 1 branch of the dungeon, and saw 2 of its levels.

You collected 59 gold pieces.

Inventory:

Hand Weapons
 a - a +0 falchion
 h - a +0 hunting sling
 i - a +0 hand axe
 k - a +0 quarterstaff (weapon)
Missiles
 f - 22 stones
 j - 5 poisoned darts (quivered)
Armour
 b - a +0 animal skin
 c - a +0 cloak (worn)
 d - a +0 cloak
 g - a +0 chain mail (worn)
Scrolls
 l - 2 scrolls of identify {unknown}
Potions
 e - a potion of might {unknown}


   Skills:
 + Level 4.2 Fighting
 + Level 4.4 Long Blades
 + Level 3.1 Armour
 + Level 2.3 Dodging


You had 2 spell levels left.
You didn't know any spells.
Your spell library was empty.

Dungeon Overview and Level Annotations

Branches:
Dungeon (2/15)

Altars:


Innate Abilities, Weirdness & Mutations

You have a pair of horns on your head.
You reflexively headbutt those who attack you in melee.


Message History

The gnoll hits you but does no damage.
A gnoll comes into view. It is wielding a +0 flail.
The gnoll hits you with a +0 spear!
You fail to use your ability.
The gnoll shouts!
You hear a shout!
The gnoll barely misses you. The gnoll barely misses you.
You furiously retaliate!
You headbutt the gnoll! The gnoll hits you with a +0 spear.
You hit the gnoll but do no damage. You headbutt the gnoll.
You kill the gnoll!
Trog accepts your kill. The gnoll hits you but does no damage.
The gnoll hits you with a +0 flail. The gnoll hits you with a +0 spear.
* * * LOW HITPOINT WARNING * * *
You hit the gnoll. Your headbutt misses the gnoll.
The gnoll is severely wounded.
A gnoll comes into view. It is wielding a +0 club.
The gnoll hits you with a +0 flail.
* * * LOW HITPOINT WARNING * * *
The gnoll barely misses you. You furiously retaliate!
You headbutt the gnoll!
You kill the gnoll!
Trog accepts your kill.
Your Armour skill increases to level 3!
You have reached level 3!
Your experience leads to an increase in your attributes!
Increase (S)trength, (I)ntelligence, or (D)exterity?
You feel stronger. x2
You hit the gnoll. You headbutt the gnoll!
The gnoll is severely wounded.
The gnoll hits you but does no damage.
You closely miss the gnoll.
The gnoll is heavily wounded.
The gnoll hits you but does no damage. The gnoll barely misses you.
You closely miss the gnoll. You headbutt the gnoll!
You kill the gnoll!
Trog accepts your kill.
You hit the gnoll. You headbutt the gnoll!
The gnoll is almost dead.
The gnoll hits you with a +0 club.
You die...

###### #....## #.# ..#..##
#####.#### #.# ## #†....###
#.....# #.# ... ##..#...###
#.....# #.##...
#..###...###....## #.#...#
..... ###........# ##....#
###..# ##.......#### ##...#.#
#.......^.#..))...#####......##
#.........#..g@................
##........######.#####.........
........######..#.....###..#.
........##..$....)#...# ..#.
...........####.#....## .... .
#.##...# .... #..#..#... ..
......#.... ...........


You could see a gnoll.

Vanquished Creatures
  3 gnolls (D:2)
  2 bats
  An endoplasm (D:1)
  A giant cockroach (D:2)
  A goblin (D:1)
  A hobgoblin (D:1)
  2 quokkas (D:1)
  3 kobolds
  2 rats (D:1)
16 creatures vanquished.

Notes
Turn   | Place    | Note
-------+----------+-------------------------------------------
     0 | D:1      | Bearnado the Minotaur Berserker began the quest for the
                  | Orb.
     0 | D:1      | Reached XP level 1. HP: 19/19 MP: 0/0
   333 | D:1      | Reached XP level 2. HP: 27/27 MP: 1/1
   773 | D:2      | HP: 1/27 [gnoll/+0 flail (6)]
   774 | D:2      | Reached XP level 3. HP: 1/33 MP: 2/2
   777 | D:2      | Slain by a gnoll

Illustrated notes

Levels and vault maps discovered:
D:1:      grunt_arrival_lava_bath, layout_basic
D:2:      layout_rooms

Skill      XL: |  1  2 |
---------------+-------+-----
Long Blades    | 4 |  4.4
Fighting       | 4 |  4.2
Armour         | 3 |  3.1
Dodging        | |  2.3

Action                   || total
-------------------------++-------
Melee: Falchion          ||    23
       Headbutt          ||     9
       Quarterstaff      ||    12
Throw: Dart              ||     4
Armor: Chain mail        ||    14
       Animal skin       ||     2
Dodge: Dodged            ||    18
